 Dungeon Crawl Stone Soup version 0.21.1-1-g345015f (webtiles) character file.

841 shakethe the Covered (level 7, -17/66 HPs)
             Began as a Deep Dwarf Conjurer on Feb 21, 2018.
             Was an Initiate of Makhleb.
             Demolished by an ogre
             ... wielding a +0 giant club
              (22 damage)
             ... on level 6 of the Dungeon.
             The game lasted 00:12:57 (4765 turns).

shakethe the Covered (Deep Dwarf Conjurer)          Turns: 4765, Time: 00:12:58

Health: -17/66     AC: 11    Str: 12    XL:     7   Next: 67%
Magic:  0/0        EV:  6    Int: 17    God:    Makhleb [......]
Gold:   117        SH:  0    Dex: 13    Spells: 8/9 levels left

rFire    . . .     SeeInvis .   i - +0 hand axe
rCold    . . .     Gourm    .   (no shield)
rNeg     + . .     Faith    .   n - +0 chain mail
rPois    .         Spirit   .   o - +0 helmet
rElec    .         Reflect  .   (no cloak)
rCorr    .         Harm     .   (no gloves)
MR       +....                  (no boots)
Stlth    ..........             (no amulet)
HPRegen  0.00/turn              q - ring of positive energy {rN+}
MPRegen  0.07/turn              (no ring)

@: non-regenerating
A: damage resistance, heal wounds, sense surroundings 1, no regeneration
a: Heal Wounds, Renounce Religion


You were on level 6 of the Dungeon.
You worshipped Makhleb.
Makhleb was noncommittal.
You were not hungry.

You visited 2 branches of the dungeon, and saw 7 of its levels.

You collected 227 gold pieces.
You spent 110 gold pieces at shops.

Inventory:

Hand Weapons
 i - a +0 hand axe (weapon)
   (You found it on level 1 of the Dungeon)
Missiles
 e - 3 curare-tipped needles
 j - 166 stones (quivered)
Armour
 n - a +0 chain mail (worn)
   (You found it on level 2 of the Dungeon)
 o - a +0 helmet (worn)
   (You found it on level 2 of the Dungeon)
Jewellery
 q - a ring of positive energy (left hand) {rN+}
   (You found it on level 4 of the Dungeon)
Wands
 y - a wand of disintegration (10)
   (You found it on level 5 of the Dungeon)
Scrolls
 d - a scroll of remove curse
 k - a scroll of noise {unknown}
 l - a scroll of magic mapping {unknown}
 m - 2 scrolls of enchant weapon {unknown}
 p - 2 scrolls of amnesia {unknown}
 r - 2 scrolls of teleportation {unknown}
 t - a scroll of fog {unknown}
 u - 2 scrolls of identify
 w - a scroll of blinking {unknown}
 z - 2 scrolls of enchant armour {unknown}
Potions
 a - 4 potions of heal wounds
 f - a potion of magic {unknown}
 g - 3 potions of flight {unknown}
 h - a potion of agility {unknown}
 v - 2 potions of curing {unknown}
 A - a potion of cancellation {unknown}
 B - a potion of degeneration {unknown}
Books
 b - a book of Conjurations
 x - a book of Misfortune
   (You found it on level 5 of the Dungeon)
Comestibles
 c - 12 rations
 s - 2 chunks of flesh {@w0@w0}


   Skills:
 + Level 4.5 Fighting
 + Level 5.0 Axes
 + Level 5.3 Armour
 - Level 2.1 Dodging
 - Level 2.4 Stealth
 - Level 1.7 Spellcasting
 - Level 3.6 Conjurations


You had 8 spell levels left.
You knew the following spells:

 Your Spells              Type           Power        Failure   Level  Hunger
a - Magic Dart            Conj           ##..         80%         1    #......


Dungeon Overview and Level Annotations

Branches:
Dungeon (6/15)             Temple (1/1) D:4

Altars:
Ashenzari
Dithmenos
Elyvilon
Fedhas
Hepliaklqana
Kikubaaqudgha
Makhleb
Wu Jian
Yredelemnul
Zin

Shops:
D:5 !

Annotations:
D:4 Edmund


Innate Abilities, Weirdness & Mutations

You are resistant to damage.
You can heal yourself by infusing magical energy.
You passively map a small area around you.
You do not regenerate.


Message History

You hit the ogre. You hit the jackal skeleton.
You destroy the jackal skeleton!
Makhleb accepts your kill. The ogre hits you with a giant club.
The adder bites you.
You take 2 damage, and have 33/64 hp.
Your chain mail prevents you from hitting the ogre.
You hit the adder but do no damage. The adder bites you but does no damage.
The ogre hits you with a giant club.
You take 1 damage, and have 32/64 hp.
Your chain mail prevents you from hitting the ogre.
You hit the adder but do no damage. The adder bites you but does no damage.
The ogre barely misses you.
You hit the ogre but do no damage. You hit the adder.
The adder bites you but does no damage. x2
Your magical essence is drained by the effort!
You feel much better. The ogre hits you with a giant club!!
The adder bites you but does no damage.
You regained 12 hp, and now have 44/64 hp.
You now have 0/0 mp.
You hit the ogre. You hit the adder but do no damage.
The adder bites you but does no damage. The ogre barely misses you.
The adder bites you.
You are poisoned.
The adder poisons you!
You hit the ogre. You closely miss the adder.
The adder bites you but does no damage. The ogre closely misses you.
You hit the ogre. You hit the adder. The adder bites you but does no damage.
The ogre hits you with a giant club! The adder bites you but does no damage.
You take 15 damage, and have 29/64 hp.
MASSIVE DAMAGE!!
You slash the ogre! You miss the adder. The adder bites you but does no damage.
The ogre barely misses you.
You hit the ogre but do no damage.
Your chain mail prevents you from hitting the adder.
The adder bites you.
You are more poisoned.
The adder poisons you! The adder bites you.
You take 1 damage, and have 28/64 hp.
You hit the ogre. You miss the adder. The ogre barely misses you.
The adder bites you but does no damage.
You barely miss the ogre. You miss the adder.
The adder bites you but does no damage. The ogre hits you with a giant club!
You take 3 damage, and have 25/64 hp.
You slash the ogre!
You kill the ogre!
Makhleb accepts your kill.
Your Axes skill increases to level 5!
You closely miss the adder. The adder barely misses you.
The adder bites you but does no damage. The adder barely misses you.
You see here a giant club.
You miss the adder. The adder bites you but does no damage.
The adder bites you.
Your chain mail prevents you from hitting the adder.
The adder barely misses you.
You miss the adder. The adder bites you.
The adder bites you but does no damage.
You take 2 damage, and have 24/66 hp.
Your chain mail prevents you from hitting the adder.
The adder bites you but does no damage.
Your chain mail prevents you from hitting the adder.
The adder bites you but does no damage.
You hit the adder.
The adder bites you but does no damage. x2
You hit the adder. The adder barely misses you.
You miss the adder. The adder bites you but does no damage.
The adder bites you.
You take 1 damage, and have 23/66 hp.
Your chain mail prevents you from hitting the adder.
The adder bites you but does no damage.
You miss the adder. The adder bites you but does no damage.
You closely miss the adder. The adder barely misses you.
The adder bites you but does no damage.
You closely miss the adder. The adder bites you but does no damage.
You closely miss the adder. The adder bites you.
You closely miss the adder. The adder bites you but does no damage.
The adder closely misses you.
You miss the adder. The adder bites you but does no damage.
Your chain mail prevents you from hitting the adder.
The adder barely misses you.
Your chain mail prevents you from hitting the adder.
The adder barely misses you. x2
You hit the adder.
You kill the adder!
Makhleb accepts your kill.
You see here an adder corpse.
You are no longer poisoned.
You see here an adder corpse.
You butcher the adder corpse.
s - 2 chunks of flesh {@w0@w0} An ogre comes into view.
It is wielding a giant club.
The ogre shouts!
Found a stone staircase leading up.
Your chain mail prevents you from hitting the ogre.
The ogre hits you with a giant club.
You hit the ogre. You hit the ogre but do no damage.
The ogre hits you with a giant club!!
* * * LOW HITPOINT WARNING * * *
You hit the ogre. The ogre barely misses you.
You hit the ogre. The ogre hits you with a giant club!!
You die...

##.#
#.###.#.####.#.# #.
#. +).............#
#.
#.#+#.###...###.####
#. * #...#.# #...#
#. #. ,, ,......#
#.#.###.* #.
......###.#..##.* #.
#...........#* *,
##.###.####.# * , ..
#@# #.# * #O# #..
,<.# ##.. * ##.#
*...* , ,, * *#.#
...# * , , ... ,
.... , * * #.# * *
#.# *


You could see an ogre.

Vanquished Creatures
  A phantom (D:6)
  An ogre (D:6)
  A centaur (D:5)
  A bullfrog (D:6)
  A crimson imp (D:6)
  A jelly (D:5)
  A centaur skeleton (D:4)
  6 orc wizards
  2 iguanas (D:4)
  7 adders
  A gnoll (D:1)
  2 oozes (D:1)
  An adder zombie (D:5)
  3 adder skeletons
  4 worms
  2 dart slugs (D:1)
  17 orcs
  12 bats
  6 giant cockroaches
  10 goblins
  4 hobgoblins
  2 jackals (D:1)
  3 kobolds
  2 quokkas
  7 frilled lizards
  A jackal skeleton (D:6)
  A leopard gecko skeleton (D:4)
  10 rats
110 creatures vanquished.

Vanquished Creatures (others)
  An adder skeleton (D:4)
  A fungus (D:4)
2 creatures vanquished.

Grand Total: 112 creatures vanquished

Notes
Turn   | Place    | Note
-------+----------+-------------------------------------------
     0 | D:1      | shakethe the Deep Dwarf Conjurer began the quest for the Orb.
     0 | D:1      | Reached XP level 1. HP: 15/15 MP: 3/3
   112 | D:1      | Reached skill level 1 in Armour
   159 | D:1      | Reached skill level 1 in Fighting
   159 | D:1      | Reached XP level 2. HP: 11/25 MP: 2/4
   341 | D:1      | Reached XP level 3. HP: 12/31 MP: 1/5
   459 | D:1      | Reached skill level 1 in Axes
   596 | D:1      | Reached skill level 2 in Armour
   922 | D:2      | HP: 3/32 [worm (9)]
  1025 | D:2      | Reached skill level 2 in Fighting
  1025 | D:2      | Reached XP level 4. HP: 36/39 MP: 4/6
  1928 | D:3      | Reached skill level 2 in Axes
  2015 | D:3      | HP: 6/39 [orc wizard/magic dart (6)]
  2060 | D:3      | Reached skill level 3 in Armour
  2060 | D:3      | Reached XP level 5. HP: 19/46 MP: 7/7
  2616 | D:3      | Reached skill level 3 in Axes
  2856 | D:4      | Found a glowing silver altar of Zin.
  2901 | D:4      | Found a staircase to the Ecumenical Temple.
  2947 | D:4      | Reached skill level 3 in Fighting
  2955 | Temple   | Entered the Ecumenical Temple
  3003 | Temple   | Became a worshipper of Makhleb the Destroyer
  3030 | D:4      | Reached XP level 6. HP: 28/56 MP: 7/7
  3056 | D:4      | HP: 11/56 [iguana (9)]
  3057 | D:4      | HP: 2/56 [iguana (9)]
  3258 | D:4      | Found a white marble altar of Elyvilon.
  3297 | D:4      | Noticed Edmund
  3344 | D:5      | Entered Level 5 of the Dungeon
  3701 | D:5      | Reached skill level 4 in Armour
  3746 | D:5      | Found Guniteuts's Distillery.
  3754 | D:5      | Bought a potion of heal wounds for 55 gold pieces
  3754 | D:5      | Bought a potion of heal wounds for 55 gold pieces
  3783 | D:5      | HP: 13/56 [orc/trident (3)]
  3907 | D:5      | Reached skill level 4 in Axes
  3971 | D:5      | HP: 14/57 [centaur/arrow (7)]
  3976 | D:5      | HP: 13/57 [centaur/arrow (1)]
  3995 | D:5      | Reached * piety under Makhleb
  3995 | D:5      | Reached XP level 7. HP: 29/63 MP: 4/4
  4007 | D:5      | Found a shadowy altar of Dithmenos.
  4517 | D:6      | Reached skill level 4 in Fighting
  4550 | D:6      | HP: 16/64 [bullfrog (1)]
  4565 | D:6      | Reached skill level 5 in Armour
  4699 | D:6      | HP: 9/64 [ogre/giant club (24)]
  4717 | D:6      | Reached skill level 5 in Axes
  4763 | D:6      | HP: 5/66 [ogre/giant club (18)]
  4765 | D:6      | Demolished by an ogre

Skill      XL: |  1  2  3  4  5  6  7 |
---------------+----------------------+-----
Armour         | 1 2 3 4 5 |  5.3
Fighting       | 1 2 3 4 |  4.5
Axes           | 1 2 3 4 5 |  5.0
Dodging        | |  2.1
Stealth        | |  2.4
Spellcasting   | |  1.7
Conjurations   | |  3.6

Action                   |  1- 3 |  4- 6 |  7- 9 || total
-------------------------+-------+-------+-------++-------
Melee: Dagger            |    23 |       |       ||    23
       Hand axe          |    78 |   463 |   259 ||   800
Throw: Stone             |    15 |     8 |       ||    23
 Cast: Magic Dart        |    40 |     2 |     1 ||    43
 Abil: Heal Wounds       |     3 |    10 |    10 ||    23
  Use: Scroll            |       |     2 |       ||     2
  Eat: Chunk             |     1 |    11 |     3 ||    15
Armor: Robe              |     8 |       |       ||     8
       Ring mail         |    30 |       |       ||    30
       Chain mail        |       |   380 |   191 ||   571
Dodge: Dodged            |    67 |   205 |   101 ||   373

Vault maps used:
D:1:      lightli_arrival_statuegarden, moated_statue, minmay_misc_feat_cross
D:2:      minmay_pentomino_v2
D:3:      first_ration
D:4:      kennysheep_mini_moat, minmay_temple_entry_statues_fountains,
          serial_aquarium, aquarium_bridge_square, aquarium_bridge_straight,
          aquarium_window_fake, aquarium_window_double, aquarium_window_3,
          aquarium_view_2a, aquarium_view_2c, aquarium_pool_2, elyvilon_altar_4,
          uniq_edmund
D:5:      lemuel_coloured_pillars_altar, serial_shops, shop, glass_columns_a
D:6:      gammafunk_temple_overflow_statue, grunt_temple_overflow_cloverleaf,
          serial_glass, glass_columns_a, glass_columns_b, serial_shops,
          nicolae_shop_behind_doors
Temple:   dshaligram_water_room_temple

Table legend:
 A = Turns spent in this place as a percentage of turns spent in the entire game.
 B = Non-inter-level travel turns spent in this place as a percentage of non-inter-level travel turns spent in the entire game.
 C = Inter-level travel turns spent in this place as a percentage of turns spent in this place.
 D = Turns resting spent in this place as a percentage of non-inter-level travel turns spent in this place.
 E = Turns spent auto-exploring this place as a percentage of non-inter-level travel turns spent in this place.
 F = Non-inter-level travel turns spent in this place divided by the number of levels of this place that you've seen.
                   A       B       C       D       E      F
               +-------+-------+-------+-------+-------+----------------------
         Total | 100.0 | 100.0 |   2.5 |   1.1 |  51.7 | 663.4
       Dungeon |  98.6 |  98.7 |   2.4 |   1.1 |  51.5 | 764.2
        Temple |   1.4 |   1.3 |  14.5 |   0.0 |  62.7 |  59.0
               +-------+-------+-------+-------+-------+----------------------

Table legend:
 A = Kills in this place as a percentage of kills in entire the game.
 B = Kills by you in this place as a percentage of kills by you in the entire game.
 C = Kills by friends in this place as a percentage of kills by friends in the entire game.
 D = Other kills in this place as a percentage of other kills in the entire game.
 E = Experience gained in this place as a percentage of experience gained in the entire game.
 F = Experience gained in this place divided by the number of levels of this place that you have seen.
                   A       B       C       D       E      F
               +-------+-------+-------+-------+-------+----------------------
         Total | 100.0 | 100.0 |   N/A |   N/A | 100.0 | 171.7
       Dungeon | 100.0 | 100.0 |   N/A |   N/A | 100.0 | 200.3
               +-------+-------+-------+-------+-------+----------------------
